 Dungeon Crawl Stone Soup version 0.29.1-1-gd02db6906a (console) character file.

Game seed: 746670004457059734

313 om the Magician (level 6, -1/40 HPs)
             Began as a Djinni Ice Elementalist on Oct 18, 2022.
             Was an Initiate of Makhleb.
             Slain by an ogre
             ... wielding a +0 giant club
              (18 damage)
             ... on level 5 of the Dungeon on Oct 20, 2022.
             The game lasted 00:10:20 (4651 turns).

om the Magician (Djinni Ice Elementalist)           Turns: 4651, Time: 00:10:21

Health: -1/40      AC: 10    Str:  7    XL:     6   Next: 71%
Gold:   83         EV: 12    Int: 19    God:    Makhleb [......] SH:  3 Dex: 13

rFire   + + .      SeeInvis .   d - +2 dagger (freeze)
rCold   x . .      Faith    .   h - +0 buckler
rNeg    . . .      Spirit   .   k - +1 animal skin
rPois   ∞          Reflect  .   l - +0 helmet
rElec   .          Harm     .   (no cloak)
rCorr   .          Rampage  .   (no gloves)
Will    .....                   (boots unavailable)
Stlth   ++........              (no amulet)
HPRegen 0.13/turn               (no ring)
MPRegen 0.00/turn               (no ring)

@: ice-armoured, flying
A: sickness immunity, fire resistance 2, cold vulnerability 1, float, innate
caster, HP casting, extra vitality 1
a: Renounce Religion


You were on level 5 of the Dungeon.
You worshipped Makhleb.
Makhleb was noncommittal.
You visited 2 branches of the dungeon, and saw 6 of its levels.

You collected 181 gold pieces.
You spent 98 gold pieces at shops.

Inventory:

Hand Weapons
 b - a +2 mace of pain
 d - a +2 dagger of freezing (weapon)
 g - a +0 sling
Missiles
 c - a throwing net
Armour
 a - a +0 robe
 h - a +0 buckler (worn)
 k - a +1 animal skin (worn)
 l - a +0 helmet (worn)
Jewellery
 v - a ring of fire
Scrolls
 e - a scroll of immolation
 f - 3 scrolls of butterflies
 i - a scroll of vulnerability
 o - 3 scrolls of amnesia
 p - a scroll of poison {unknown}
 t - a scroll of blinking {unknown}
 w - a scroll of acquirement {unknown}
 x - 5 scrolls of teleportation
 A - a scroll of torment {unknown}
Potions
 j - a potion of brilliance
 m - a potion of might {unknown}
 n - 3 potions of lignification
 q - a potion of degeneration {unknown}
 r - 2 potions of flight
 s - a potion of haste {unknown}
 z - a potion of ambrosia {unknown}
 B - a potion of invisibility {unknown}


   Skills:
 * Level 1.2 Short Blades
 + Level 3.9 Dodging
 - Level 3.0 Stealth
 * Level 4.7 Spellcasting


You couldn't memorise any spells.
You knew the following spells:

 Your Spells              Type           Power      Damage    Failure   Level
a - Freeze                Ice            88%        1d10      2%          1
b - Frozen Ramparts       Ice            44%        1d7       8%          3
c - Ozocubu's Armour      Ice            22%        N/A       8%          3
d - Hailstorm             Conj/Ice       22%        3d7       26%         4
e - Sting                 Tmut/Pois      88%        1d7       2%          1
f - Passwall              Tmut/Erth      18%        N/A       3%          2
Your spell library was empty.

Dungeon Overview and Level Annotations

Branches:
Dungeon (5/15)             Temple (1/1) D:4

Altars:
Ashenzari
Cheibriados
Dithmenos
Elyvilon
Fedhas
Gozag
Hepliaklqana
Makhleb
Nemelex Xobeh
Okawaru
Qazlal
Ru
Trog
Xom
Yredelemnul
Zin
The Shining One

Shops:
D:1 :   D:4 *


Innate Abilities, Weirdness & Mutations

You are immune to sickness and miasma.
You are immune to poison.
Your flesh is very heat resistant. (rF++)
You are vulnerable to cold. (rC-)
You float through the air rather than walking.
You learn spells naturally, not from books.
Your magical power is your life essence.
You have superior vitality. (+4 MHP)


Message History

The frozen ramparts melt away.
Casting: Freeze (safe; 2% risk of failure)
Confirm with . or Enter, or press ? or * to list all spells.
Casting: Frozen Ramparts (dangerous; 8% risk of failure)
Press: ? - help, Dir - look around, f - activate The walls around you are covered in ice.
The ice beast completely resists.
The wall freezes the ice beast but does no damage.
The ice beast completely resists.
The wall freezes the ice beast but does no damage.
You hit the ice beast but do no damage.
The ice beast completely resists.
The wall freezes the ice beast but does no damage.
The ice beast hits you. The ice beast freezes you!
You feel a terrible chill!
* * * LOW HITPOINT WARNING * * *
You closely miss the ice beast.
The wall freezes the ice beast but does no damage.
The ice beast closely misses you.
You aren't carrying any items that you can evoke.
Unknown command.
Okay, then.
As you read the scroll of fear, it crumbles to dust.
You assume a fearsome visage.
The ice beast looks frightened!
The ice beast completely resists.
The wall freezes the ice beast but does no damage.
Your icy armour and frozen ramparts will break if you move.
Continue? [Y]es or [N]o only, please.
Your icy armour and frozen ramparts will break if you move.
Continue?
Your icy armour cracks and falls away as you move.
The frozen ramparts melt away as you move.
There is a stone staircase leading down here.
An ogre comes into view. It is wielding a +0 giant club.
The ogre moves out of view.
You start resting.
An ogre is nearby!
Casting: Frozen Ramparts (dangerous; 8% risk of failure)
Confirm with . or Enter, or press ? or * to list all spells.
A film of ice covers your body!
The ogre shouts!
The ogre hits you with a +0 giant club!!
You die...

#.......# #.#
#.#.....#### #.#
#>..........
#.#.....###
#.#.....#
#.#.....# .
#.#.....# ...
#.#.....###.....
#.#.............
#.#.....######..
#@#.....#
#O#.#+###
####.#.....#
#........#.#
#.##.#...#
#.##.#...#
#.##.#...#
#.##.#...#
#.##.##..#
#.##.#....
#.##.#...#.


You could see an ogre.

Vanquished Creatures
  A scorpion (D:4)
  2 hounds (D:5)
  A jelly (D:5)
  An orc wizard (D:3)
  Robin (D:2)
  An ufetubus (D:5)
  3 worms
  2 dart slugs
  2 orcs
  6 ball pythons
  10 endoplasms
  5 giant cockroaches
  16 goblins
  11 hobgoblins
  8 jackals
  3 quokkas
  8 bats
  2 frilled lizards
  5 kobolds
  9 rats
97 creatures vanquished.

Vanquished Creatures (others)
  8 plants (D:2)
8 creatures vanquished.

Grand Total: 105 creatures vanquished

Notes
Turn   | Place    | Note
-------+----------+-------------------------------------------
     0 | D:1      | om the Djinni Ice Elementalist began the quest for the Orb.
     0 | D:1      | om set off with the following spells memorised: Freeze,
                  | Frozen Ramparts, Ozocubu's Armour, Hailstorm.
     0 | D:1      | Reached XP level 1. HP: 15/15 MP: 0/0
   180 | D:1      | Found Irhure's Book Shop.
   328 | D:1      | Found a faded altar of an unknown god.
   347 | D:1      | Reached XP level 2. HP: 20/21 MP: 0/0
   794 | D:1      | Reached XP level 3. HP: 21/25 MP: 0/0
   794 | D:1      | Learned a level 1 spell: Sting
  1535 | D:2      | Noticed Robin
  1958 | D:2      | Reached XP level 4. HP: 22/31 MP: 0/0
  1981 | D:2      | Killed Robin
  2382 | D:2      | Reached skill level 4 in Spellcasting
  3216 | D:3      | Reached XP level 5. HP: 23/35 MP: 0/0
  3216 | D:3      | Learned a level 2 spell: Passwall
  3487 | D:3      | Found a sacrificial altar of Ru.
  3626 | D:4      | Reached XP level 6. HP: 34/40 MP: 0/0
  3707 | D:4      | Found a staircase to the Ecumenical Temple.
  3717 | Temple   | Entered the Ecumenical Temple
  3783 | D:4      | Found a shimmering altar of Xom.
  3874 | D:4      | Found Xoynasar's General Store.
  3880 | D:4      | Bought a scroll of fear for 56 gold pieces
  3880 | D:4      | Bought a scroll of teleportation for 42 gold pieces
  3952 | D:4      | Found a burning altar of Makhleb.
  3952 | D:4      | Found a glowing silver altar of Zin.
  3953 | D:4      | Noticed an angel
  3953 | D:4      | Noticed a green death
  3956 | D:4      | Became a worshipper of Makhleb the Destroyer
  4400 | D:5      | Entered Level 5 of the Dungeon
  4573 | D:5      | Noticed an ice beast
  4575 | D:5      | Reached skill level 1 in Short Blades
  4642 | D:5      | Noticed an ogre
  4651 | D:5      | Slain by an ogre

Illustrated notes

Levels and vault maps discovered:
D:1:      dpeg_arrival_prison, layout_basic, ebering_ecumenical_altar_rust,
          serial_forest, infiniplex_forest_lined_room_3,
          infiniplex_forest_end_3, infiniplex_forest_clump_small,
          infiniplex_forest_end_double, infiniplex_forest_clump_cross,
          serial_shops, shop, minmay_pentomino_q2
D:2:      layout_rooms, serial_corexii_hall, chequers_hall_statues_wall_a,
          chequers_hall_statues_y, chequers_big_river, uniq_robin
D:3:      layout_basic, nicolae_ru_great_annihilating_truth,
          mainiacjoe_overflow_chevrons, gup_sewer_entry_spiral
D:4:      layout_rooms, grunt_temple_overflow_order_and_chaos_2,
          nicolae_overflow_crystal_walls, minmay_temple_entry_mist,
          serial_shops, nicolae_shop_hallway_plus
D:5:      layout_basic, gammafunk_ghost_stat_death
Temple:   hellmonk_temple_two_chambers

Skill      XL: |  1  2  3  4  5  6 |
---------------+-------------------+-----
Stealth        | 2 3 |  3.0
Dodging        | 3 |  3.9
Spellcasting   | 4 |  4.7
Short Blades   | 1 |  1.2

Action                   |  1- 3 |  4- 6 || total
-------------------------+-------+-------++-------
Melee: Dagger            |    50 |    55 ||   105
       Mace              |     5 |       ||     5
 Fire: Sling             |    10 |    80 ||    90
 Cast: Freeze            |    19 |    46 ||    65
       Frozen Ramparts   |       |     4 ||     4
       Ozocubu's Armour  |       |     3 ||     3
  Use: Scroll            |     4 |     6 ||    10
 Stab: Sleeping          |     6 |     4 ||    10
       Paralysed         |       |     1 ||     1
Armor: Robe              |    17 |     1 ||    18
       Animal skin       |       |    32 ||    32
Dodge: Dodged            |    58 |    65 ||   123
Block: Buckler           |     8 |    21 ||    29
